 Dungeon Crawl Stone Soup version 0.30-a0-176-gdd20fb75b6 (webtiles) character file.

Game seed: 15082036631473896202

51 Caerun the Magician (level 3, 0/26 HPs)
             Began as a Gnoll Hedge Wizard on Oct 2, 2022.
             Was a Follower of Kikubaaqudgha.
             Succumbed to an adder's poison
             ... on level 2 of the Dungeon.
             The game lasted 00:02:20 (1148 turns).

Caerun the Magician (Gnoll Hedge Wizard)            Turns: 1148, Time: 00:02:21

Health: 0/26       AC:  3    Str:  9 (11) XL:     3   Next: 81%
Magic:  2/11       EV: 12    Int: 12 (13) God:    Kikubaaqudgha [*.....]
Gold:   30         SH:  0    Dex:  8 (11) Spells: 14/16 levels left

rFire   + . .      SeeInvis .    a - +0 dagger
rCold   + . .      Faith    .    (no shield)
rNeg    + . .      Spirit   .    b - +0 robe
rPois   +          Reflect  .    c - +0 hat
rElec   +          Harm     .    i - +0 cloak
rCorr   +          Rampage  .    (no gloves)
Will    .....                    (no boots)
Stlth   ++........               (no amulet)
HPRegen 0.24/turn                h - ring of positive energy
MPRegen 0.12/turn                (no ring)

@: lethally poisoned (0 -> -1), resistant
A: fangs 1, strong nose, distributed training
a: Renounce Religion, Unearth Wretches


You were on level 2 of the Dungeon.
You worshipped Kikubaaqudgha.
Kikubaaqudgha was aware of your devotion.
You visited 1 branch of the dungeon, and saw 2 of its levels.

You collected 30 gold pieces.

Inventory:

Hand Weapons
 a - a +0 dagger (weapon)
Armour
 b - a +0 robe (worn)
 c - a +0 hat (worn)
 i - a +0 cloak (worn)
Jewellery
 h - a ring of positive energy (left hand)
 k - a ring of positive energy
Scrolls
 e - a scroll of enchant weapon {unknown}
 f - 2 scrolls of identify {unknown}
 g - a scroll of vulnerability {unknown}
 m - a scroll of teleportation {unknown}
 n - a scroll of fear {unknown}
Potions
 d - a potion of magic
 j - a potion of degeneration


   Skills:
 + Level 1.0 Fighting
 + Level 1.0 Short Blades
 + Level 1.0 Long Blades
 + Level 1.0 Axes
 + Level 1.0 Maces & Flails
 + Level 1.0 Polearms
 + Level 1.0 Staves
 + Level 1.0 Ranged Weapons
 + Level 1.0 Throwing
 + Level 1.0 Armour
 + Level 4.6 Dodging
 + Level 4.2 Stealth
 + Level 1.0 Shields
 + Level 1.0 Unarmed Combat
 + Level 7.2 Spellcasting
 + Level 2.2 Conjurations
 + Level 0.7 Hexes
 + Level 2.2 Summonings
 + Level 0.7 Necromancy
 + Level 2.2 Translocations
 + Level 0.7 Transmutations
 + Level 0.7 Fire Magic
 + Level 0.7 Ice Magic
 + Level 0.7 Air Magic
 + Level 0.7 Earth Magic
 + Level 0.7 Poison Magic
 + Level 1.1 Invocations
 + Level 1.0 Evocations


You had 14 spell levels left.
You knew the following spells:

 Your Spells              Type           Power      Damage    Failure   Level
a - Magic Dart            Conj           36%        1d4       6%          1
b - Necrotise             Necr           24%        1d5       12%         1

Your spell library contained the following spells:

 Spells                   Type           Power      Damage    Failure   Level
 Blink                    Tloc           18%        N/A       10%         2
 Call Imp                 Summ           9%         N/A       10%         2
 Slow                     Hex            24%        N/A       12%         1
 Cigotuvi's Dreadful Rot  Necr/Pois/Air  12%        N/A       19%         2
 Kindle Blastsparks       Fire/Tloc/Air  14%        2d11      28%         3
 Mephitic Cloud           Conj/Pois/Air  7%         N/A       28%         3
 Ignite Poison            Fire/Tmut/Pois 6%         N/A       34%         3
 Ozocubu's Armour         Ice            6%         N/A       34%         3
 Vampiric Draining        Necr           6%         2d6       34%         3
 Animate Dead             Necr           6%         N/A       75%         4
 Freezing Cloud           Conj/Ice/Air   3%         6-21      95%         5
 Ozocubu's Refrigeration  Ice            3%         4d8       100%        7


Dungeon Overview and Level Annotations

Branches:
Dungeon (2/15)

Altars:
Kikubaaqudgha


Innate Abilities, Weirdness & Mutations

You have very sharp teeth.
Your uncanny sense of smell can sniff out nearby items.
Your experience applies equally to all skills.


Message History

Your Throwing skill increases to level 1!
Your Armour skill increases to level 1!
Your Shields skill increases to level 1!
Your Unarmed Combat skill increases to level 1!
Your Invocations skill increases to level 1!
Your Evocations skill increases to level 1!
Unknown command.
You closely miss the adder. The adder bites you.
* * * LOW HITPOINT WARNING * * *
You hit the adder. Your bite misses the adder.
The adder is moderately wounded.
The adder bites you but does no damage.
You hit the adder.
The adder is heavily wounded.
The adder bites you but does no damage.
You barely miss the adder.
The adder is heavily wounded.
The adder barely misses you.
You completely miss the adder. You bite the adder.
The adder is heavily wounded.
The adder misses you.
You hit the adder.
The adder is severely wounded.
The adder closely misses you. The adder bites you.
* * * LOW HITPOINT WARNING * * *
You are lethally poisoned!
The adder poisons you!
You closely miss the adder.
The adder is severely wounded.
* * * LOW HITPOINT WARNING * * *
You feel sick. The adder completely misses you.
It was a potion of degeneration.
There was something very wrong with that liquid.
You feel weakened.
You feel dopey.
You feel clumsy.
* * * LOW HITPOINT WARNING * * *
You feel sick. The adder bites you but does no damage.
It was a potion of resistance.
You feel protected.
You die...
Kikubaaqudgha rasps: "You have failed me!
Welcome... death!"

.............####
.................
.............#####
.........#...#...#
...#.#)..#.......#
...+.#...#.#.....#
...###...#.#.#.#.#
...+ ....#.#.#.#.#
...###.#.....#.#@#
...+ .....####+#S#
...# .#..#
#.......# ...#
..........S..#
#...#
....../.#......
...#
........##.####
.[.+ +#<.....# .#
...# #......# #
...# #......#


You could see an adder.

Vanquished Creatures
  Terence (D:2)
  A dart slug (D:1)
  3 bats
  3 endoplasms (D:1)
  A giant cockroach (D:1)
  4 goblins
  2 hobgoblins (D:1)
  3 quokkas (D:1)
  A frilled lizard (D:1)
  2 rats (D:1)
21 creatures vanquished.

Vanquished Creatures (others)
  19 plants (D:2)
19 creatures vanquished.

Grand Total: 40 creatures vanquished

Notes
Turn   | Place    | Note
-------+----------+-------------------------------------------
     0 | D:1      | Caerun the Gnoll Hedge Wizard began the quest for the Orb.
     0 | D:1      | Reached XP level 1. HP: 13/13 MP: 8/8
   194 | D:1      | Reached XP level 2. HP: 19/19 MP: 7/10
   257 | D:1      | Found a faded altar of an unknown god.
   281 | D:1      | Prayed at the altar of an unknown god.
   281 | D:1      | Became a worshipper of Kikubaaqudgha
   281 | D:1      | Reached * piety under Kikubaaqudgha
   281 | D:1      | Received a gift from Kikubaaqudgha
  1042 | D:2      | Reached XP level 3. HP: 25/25 MP: 9/11
  1044 | D:2      | Learned a level 1 spell: Necrotise
  1121 | D:2      | Noticed Terence
  1139 | D:2      | Killed Terence
  1140 | D:2      | Reached skill level 1 in Fighting
  1140 | D:2      | Reached skill level 1 in Short Blades
  1140 | D:2      | Reached skill level 1 in Long Blades
  1140 | D:2      | Reached skill level 1 in Axes
  1140 | D:2      | Reached skill level 1 in Maces & Flails
  1140 | D:2      | Reached skill level 1 in Polearms
  1140 | D:2      | Reached skill level 1 in Staves
  1140 | D:2      | Reached skill level 1 in Ranged Weapons
  1140 | D:2      | Reached skill level 1 in Throwing
  1140 | D:2      | Reached skill level 1 in Armour
  1140 | D:2      | Reached skill level 1 in Shields
  1140 | D:2      | Reached skill level 1 in Unarmed Combat
  1140 | D:2      | Reached skill level 1 in Invocations
  1140 | D:2      | Reached skill level 1 in Evocations
  1147 | D:2      | HP: 1/26 [poisoned by an adder]
  1148 | D:2      | Succumbed to an adder's poison

Illustrated notes

Levels and vault maps discovered:
D:1:      lightli_arrival_chessboard, layout_basic,
          ebering_ecumenical_altar_abandoned
D:2:      wad_woods_settlement, layout_basic, uniq_terence, uniq_sigmund

Skill      XL: |  1  2  3 |
---------------+----------+-----
Conjurations   | 2 |  2.2
Summonings     | 2 |  2.2
Translocations | 2 |  2.2
Fighting       | 1 |  1.0
Short Blades   | 1 |  1.0
Long Blades    | 1 |  1.0
Axes           | 1 |  1.0
Maces & Flails | 1 |  1.0
Polearms       | 1 |  1.0
Staves         | 1 |  1.0
Ranged Weapons | 1 |  1.0
Throwing       | 1 |  1.0
Armour         | 1 |  1.0
Shields        | 1 |  1.0
Unarmed Combat | 1 |  1.0
Invocations    | 1 |  1.1
Evocations     | 1 |  1.0
Dodging        | |  4.6
Stealth        | |  4.2
Spellcasting   | |  7.2
Hexes          | |  0.7
Necromancy     | |  0.7
Transmutations | |  0.7
Fire Magic     | |  0.7
Ice Magic      | |  0.7
Air Magic      | |  0.7
Earth Magic    | |  0.7
Poison Magic   | |  0.7

Action                   || total
-------------------------++-------
Melee: Dagger            ||    12
       Bite              ||     2
 Cast: Magic Dart        ||    57
  Use: Potion            ||     2
Armor: Robe              ||     5
Dodge: Dodged            ||    13

Table legend: (Time is in decaauts)
 A = Elapsed time spent in this place.
 B = Non-inter-level travel time spent in this place.
 C = Inter-level travel time spent in this place.
 D = Time resting spent in this place.
 E = Time spent auto-exploring this place.
 F = Levels seen in this place.
 G = Mean time per level.
                   A        B        C        D        E       F      G
               +--------+--------+--------+--------+--------+-----+--------+
         Total |   1146 |   1136 |     10 |      0 |    965 |   2 |  573.0 |
       Dungeon |   1146 |   1136 |     10 |      0 |    965 |   2 |  573.0 |
               +--------+--------+--------+--------+--------+-----+--------+

Top non-repeatable levels by time:
     D:1: 1034 daAuts
     D:2: 112 daAuts
